 Dungeon Crawl Stone Soup version 0.24-a0-203-gf0bc1e9 (webtiles) character file.

Game seed: 11812436825715327637

1381 tatocazan the Summoner (level 8, -4/52 HPs)
             Began as a Merfolk Summoner on Mar 27, 2019.
             Was a Believer of the Shining One.
             Slain by a killer bee (6 damage)
             ... on level 6 of the Dungeon.
             The game lasted 00:28:44 (10380 turns).

tatocazan the Summoner (Merfolk Summoner)          Turns: 10380, Time: 00:28:45

Health: -4/52      AC:  2    Str:  9    XL:     8   Next: 67%
Magic:  11/24      EV: 13    Int: 16    God:    the Shining One [**....]
Gold:   325        SH:  0    Dex: 14    Spells: 2/16 levels left

rFire    x . .     SeeInvis .   h - +1 spear
rCold    + . .     Gourm    .   (no shield)
rNeg     + . .     Faith    .   a - +0 robe
rPois    .         Spirit   .   (no helmet)
rElec    .         Reflect  .   (no cloak)
rCorr    .         Harm     .   (no gloves)
MR       .....                  (no boots)
Stlth    +.........             b - amulet of regeneration
HPRegen  0.57/turn              m - ring of ice (curse)
MPRegen  0.19/turn              u - ring of magical power

@: lethally poisoned (-4 -> -7), glowing
A: change form in water, swift swim, stealthy swim
a: Divine Shield, Renounce Religion


You were on level 6 of the Dungeon.
You worshipped the Shining One.
The Shining One was pleased with you.
You were not hungry.

You visited 1 branch of the dungeon, and saw 7 of its levels.

You collected 325 gold pieces.

Inventory:

Hand Weapons
 h - a +1 spear (weapon)
 k - a +2 antimagic dagger
 s - a +0 whip of electrocution
Armour
 a - a +0 robe (worn)
 y - a +0 shield
Jewellery
 b - an amulet of regeneration (around neck)
 m - a cursed ring of ice (left hand)
 u - a ring of magical power (right hand)
Wands
 w - a wand of polymorph (8)
Scrolls
 f - a scroll of vulnerability {unknown}
 g - 2 scrolls of magic mapping
 i - a scroll of enchant armour {unknown}
 j - 3 scrolls of identify
 r - a scroll of remove curse {unknown}
 v - 2 scrolls of teleportation
 A - a scroll of summoning {unknown}
 B - a scroll of amnesia {unknown}
Potions
 d - 2 potions of lignification
 e - 2 potions of might {unknown}
 l - a potion of degeneration {unknown}
 n - a potion of curing
 o - 2 potions of berserk rage {unknown}
 p - a potion of invisibility {unknown}
 q - 3 potions of heal wounds {unknown}
 t - a potion of agility {unknown}
 x - a potion of mutation {unknown}
Comestibles
 c - 2 rations


   Skills:
 - Level 2.8 Dodging
 - Level 5.0 Stealth
 + Level 4.8 Spellcasting
 - Level 8.0 Summonings
 + Level 1.8 Ice Magic
 + Level 3.1 Air Magic


You had 2 spell levels left.
You knew the following spells:

 Your Spells              Type           Power        Failure   Level  Hunger
a - Summon Small Mammal   Summ           ####         1%          1    None
b - Call Imp              Summ           ####....     1%          2    ##.....
c - Call Canine Familiar  Summ           ####....     1%          3    ###....
d - Summon Lightning Spi  Summ/Air       ###.....     16%         4    ####...
e - Summon Ice Beast      Ice/Summ       ####....     21%         4    ####...

Your spell library contained the following spells:

 Spells                   Type           Power        Failure   Level  Hunger
 Animate Skeleton         Necr           N/A          16%         1    None
 Pain                     Necr           #...         16%         1    None
 Summon Guardian Golem    Hex/Summ       ###.....     9%          3    ###....
 Regeneration             Chrm/Necr      #.........   43%         3    ###....
 Vampiric Draining        Necr           #.........   43%         3    ###....
 Animate Dead             Necr           N/A          83%         4    ####...


Dungeon Overview and Level Annotations

Branches:
Dungeon (7/15)             Temple (0/1) D:5

Altars:
Dithmenos
Okawaru
Yredelemnul
The Shining One

Annotations:
D:4 Purgy
D:5 Pikel


Message History

You are poisoned.
The killer bee poisons you!
Your hound bites the killer bee.
Your bat hits the killer bee but does no damage.
You take 5 damage, and have 12/52 hp.
Casting: Summon Small Mammal (safe; 1% risk of failure)
Confirm with . or Enter, or press ? or * to list all spells.
You feel sick.
Your bat completely misses the killer bee.
The killer bee stings you!
* * * LOW HITPOINT WARNING * * *
You are lethally poisoned!
The killer bee poisons you!
Your hound misses the killer bee. The killer bee barely misses you.
Your quokka barely misses the killer bee.
Your hound barely misses the killer bee.
Your bat barely misses the killer bee.
You take 8 damage, and have 4/52 hp.
You now have 10/24 mp.
* * * LOW HITPOINT WARNING * * *
You feel sick. The killer bee stings you.
You die...

#..........#.##.########
##..#...####.##........# ##.#...#
#.#########.### ##########.....#
##........##.#..
...............###...#####....#.#
)##########.)........# #######.#
.# ########..#.###...# #.......#
.###.........rby.#...# #.#######
......#####.#..#@#...# #.#
.............hb#r###.####.#
.............)>#.##..†..#.#
.........#####[#.##.....#.#######
########.# #.#.##.....#.##.....
...# #.# #.#.###.####.##.####
##.# #.# #.#.....# #.##.# #.#
#.#####'####### #.##.# ##.#
#.......).....# #.##.#


You could see a killer bee, 2 friendly quokkas and a friendly bat.

Vanquished Creatures
  A hippogriff (D:7)
  A wight (D:5)
  A howler monkey (D:5)
  A hound (D:6)
  2 centaur skeletons
  2 orc wizards
  A worker ant (D:5)
  A worker ant zombie (D:5)
  A gnoll (D:5)
  2 adders
  3 dart slugs
  3 leopard geckos
  7 orcs
  A ball python (D:4)
  5 bats
  2 giant cockroaches
  5 goblins
  2 hobgoblins
  4 jackals
  5 kobolds
  3 quokkas
  4 frilled lizards
  A jackal skeleton (D:4)
  A leopard gecko zombie (D:7)
  A quokka zombie (D:6)
  3 rats
63 creatures vanquished.

Vanquished Creatures (collateral kills)
  Sigmund (D:3)
  Eustachio (D:6)
  A hungry ghost (D:7)
  A water moccasin (D:6)
  Duvessa (D:6)
  An ice beast (D:6)
  An ogre (D:6)
  A phantom (D:6)
  Dowan (D:6)
  2 wights
  2 crimson imps
  A bullfrog zombie (D:5)
  A hound (D:4)
  5 orc wizards
  A quasit (D:6)
  A bullfrog skeleton (D:6)
  4 orc priests
  2 iguanas
  Natasha (thrice) (D:4)
  3 worker ants
  3 gnolls (D:5)
  5 adders
  A shadow imp (D:6)
  An adder zombie (D:6)
  8 worms
  A dart slug (D:3)
  A leopard gecko (D:3)
  16 orcs
  A bat (D:1)
  A giant cockroach (D:2)
  4 goblins
  A hobgoblin (D:3)
  13 jackals
  2 quokkas
  3 kobolds (D:1)
  A leopard gecko zombie (D:6)
  4 rats
100 creatures vanquished.

Grand Total: 163 creatures vanquished

Notes
Turn   | Place    | Note
-------+----------+-------------------------------------------
     0 | D:1      | tatocazan the Merfolk Summoner began the quest for the Orb.
     0 | D:1      | Reached XP level 1. HP: 13/13 MP: 3/3
  1034 | D:1      | Reached XP level 2. HP: 19/19 MP: 0/5
  1038 | D:1      | Learned a level 2 spell: Call Imp
  1268 | D:1      | Found an iron altar of Okawaru.
  2105 | D:2      | Reached XP level 3. HP: 24/24 MP: 1/6
  2691 | D:2      | Found a basalt altar of Yredelemnul.
  2913 | D:2      | Reached XP level 4. HP: 30/30 MP: 2/7
  4069 | D:3      | Reached skill level 5 in Summonings
  4331 | D:3      | Learned a level 3 spell: Call Canine Familiar
  4367 | D:3      | Found a glowing golden altar of the Shining One.
  4368 | D:3      | Noticed Sigmund
  4377 | D:3      | Killed Sigmund
  4377 | D:3      | Reached XP level 5. HP: 28/35 MP: 4/9
  4423 | D:3      | Found a faded altar of an unknown god.
  4618 | D:3      | Became a worshipper of the Shining One
  4933 | D:3      | Learned a level 4 spell: Summon Lightning Spire
  5001 | D:4      | Noticed Natasha
  5020 | D:4      | Killed Natasha
  5020 | D:4      | Reached XP level 6. HP: 41/41 MP: 7/10
  5251 | D:4      | Reached skill level 6 in Summonings
  5255 | D:4      | Noticed Purgy
  5258 | D:4      | Noticed Natasha
  5285 | D:4      | Killed Natasha
  5425 | D:4      | Reached skill level 1 in Air Magic
  5437 | D:4      | Noticed Natasha
  5437 | D:4      | Reached * piety under the Shining One
  5446 | D:4      | Killed Natasha
  5775 | D:5      | Entered Level 5 of the Dungeon
  5970 | D:5      | Reached XP level 7. HP: 46/46 MP: 9/12
  6076 | D:5      | Found a staircase to the Ecumenical Temple.
  7497 | D:5      | Noticed Pikel
  7776 | D:6      | Found a shadowy altar of Dithmenos.
  7965 | D:6      | Noticed Eustachio
  7972 | D:6      | Killed Eustachio
  7972 | D:6      | Reached skill level 5 in Stealth
  8109 | D:6      | Reached ** piety under the Shining One
  8396 | D:5      | Reached skill level 7 in Summonings
  8769 | D:6      | Reached XP level 8. HP: 44/52 MP: 14/14
  9057 | D:6      | Noticed Duvessa
  9058 | D:6      | Noticed Dowan
  9072 | D:6      | Killed Dowan
  9073 | D:6      | Killed Duvessa
  9491 | D:6      | Learned a level 4 spell: Summon Ice Beast
  9766 | D:7      | Noticed a hippogriff
  9858 | D:7      | Noticed a hippogriff
  9909 | D:7      | Reached skill level 1 in Ice Magic
 10113 | D:7      | Killed a hippogriff
 10341 | D:7      | Reached skill level 8 in Summonings
 10380 | D:6      | HP: 2/52 [poisoned by a killer bee]
 10380 | D:6      | Slain by a killer bee

Levels and vault maps discovered:
D:1:      dpeg_arrival_lava_temple_mockup, layout_loops_ring,
          supply_closet_lemuel, okawaru_ov_weapons_minmay
D:2:      layout_basic, lemuel_round_altar, first_ration,
          serial_co_window_serial, co_window_paths_a, co_window_corner_a,
          co_window_of_opportunity_a, co_window_of_opportunity_a,
          co_window_corner_a, co_window_of_opportunity_c, co_window_broadway_a,
          co_window_broadway_c, co_window_2corner, co_window_4corner_a,
          co_window_4corner_b, glass_columns_c, glass_columns_c,
          glass_columns_a, serial_bayou_pond_e
D:3:      layout_loops_corners, chequers_ecumenical_altar_simple_redux,
          tso_metal_star, uniq_sigmund
D:4:      layout_rooms, lemuel_zombie_altar_kikubaaqudgha, uniq_natasha,
          uniq_purgy
D:5:      layout_loops_ring, minmay_temple_entry_waves, serial_shops, shop,
          uniq_pikel
D:6:      layout_basic, grunt_dithmenos_smoke, uniq_duvessa, uniq_eustachio
D:7:      layout_loops_ring, the_bakery, minmay_misc_feat_nine_boxes

Skill      XL: |  1  2  3  4  5  6  7  8 |
---------------+-------------------------+-----
Stealth        | 3 4 5 |  5.0
Summonings     | 5 6 7 8 |  8.0
Spellcasting   | 3 4 |  4.8
Air Magic      | 1 2 3 |  3.1
Ice Magic      | 1 |  1.8
Dodging        | |  2.8

Action                   |  1- 3 |  4- 6 |  7- 9 || total
-------------------------+-------+-------+-------++-------
Melee: Unarmed           |    41 |       |       ||    41
       Spear             |    62 |   129 |   194 ||   385
       Whip              |       |     5 |       ||     5
 Cast: Summon Small Mamm |    32 |    52 |    93 ||   177
       Call Imp          |    16 |    11 |       ||    27
       Call Canine Famil |       |    19 |    47 ||    66
       Summon Lightning  |       |       |     6 ||     6
Invok: Divine Shield     |       |       |     1 ||     1
Evoke: Wand              |       |       |     2 ||     2
  Use: Scroll            |       |       |     6 ||     6
       Potion            |       |       |     2 ||     2
 Stab: Sleeping          |     3 |     1 |       ||     4
  Eat: Chunk             |     7 |    13 |     6 ||    26
       Ration            |       |       |     4 ||     4
Armor: Robe              |    19 |    13 |    19 ||    51
Dodge: Dodged            |    64 |    93 |   107 ||   264

Table legend:
 A = Non-vault XP
 B = Vault XP
 C = Vault XP percentage of total XP
 D = Non-vault monster count
 E = Vault monster count
 F = Vault count percentage of total count
                 A         B        C        D         E       F
            +---------+---------+-------+---------+---------+-------
      Total |    1638 |     335 |  17.0 |     158 |       5 |   3.1
            +---------+---------+-------+---------+---------+-------
        D:1 |      22 |       0 |   0.0 |      19 |       0 |   0.0
        D:2 |      73 |       0 |   0.0 |      28 |       0 |   0.0
        D:3 |      82 |     110 |  57.3 |      36 |       1 |   2.7
        D:4 |     261 |      19 |   6.8 |      15 |       1 |   6.2
        D:5 |     338 |       0 |   0.0 |      28 |       0 |   0.0
        D:6 |     547 |     206 |  27.4 |      25 |       3 |  10.7
        D:7 |     315 |       0 |   0.0 |       7 |       0 |   0.0
            +---------+---------+-------+---------+---------+-------
